Unix NetHack Version 3.7.0-62 Work-in-progress - last build Aug 7 2022 04:32:40 (f254b98e4f4e6c2f4e816e90bd3419c5233a8e5f,branch:master). Game began 2022-08-08 17:42:02, ended 2022-08-08 20:40:13. Colobot, neutral male human Wizard ------- --------------- ------ |......#### --------- ..............| ?????| |.....| #### #+.......|# |.......<...... ?????????+?| |.....-# ####|........#####..............| f@q -.??????????+??| -------# ###-.......|# |.............|# ### # ???????????| # ##--------- ------.--------## ### ------------ # ##### # ## # #### # # # --.-- -- ## #----- ###########+........ ###--------- #|>..|# #----- ####........| #........| #|[.[.## #|...+ # # ......| 0#####|.......| #.....# ###....| # ------- ## #+.......| #|....# #|...| ############## --------- #[([.| ## #|...| |...+###########----- ----- Colobot the Thaumaturge St:9 Dx:14 Co:13 In:15 Wi:11 Ch:11 Neutral Dlvl:6 $:257 HP:0(44) Pw:32(66) AC:0 Xp:6/540 T:2943 Deaf Latest messages: The rothe hits! The rothe bites! The rothe misses! You hit the rothe! You miss the rothe. The rothe hits! The rothe misses! The rothe bites! In what direction? The spell hits the rothe! You kill the rothe! The spell misses it. In what direction? The spell hits the rothe! You kill the rothe! There is a rothe corpse here; eat it? [ynq] (n) This rothe corpse tastes stringy. You finish eating the rothe corpse. There is a rothe corpse here; eat it? [ynq] (n) This rothe corpse tastes stringy. You stop eating the rothe corpse. In what direction? The spell hits the rothe! The rothe hits! The rothe bites! The rothe bites! In what direction? The spell hits the rothe! You kill the rothe! You see here a rothe corpse. Zofia eats a partly eaten rothe corpse. There is a rothe corpse here; eat it? [ynq] (n) Blecch! Rotten food! The world spins and goes dark. The rothe hits! The rothe bites! The rothe misses! The rothe hits! The rothe bites! The rothe bites! The rothe hits! The rothe misses! The rothe bites! The rothe hits! The rothe misses! The rothe bites! The rothe hits! The rothe just misses! The rothe bites! You die... Major events: Turn 1: Colobot the neutral male human Wizard entered the dungeon 718: attained the rank of Conjurer (level 3) 1934: attained the rank of Thaumaturge (level 6) 2943: killed by a rothe, while unconscious from rotten food Inventory: Weapons (')') E - a blessed +1 elven dagger a - a blessed +1 quarterstaff (weapon in hands) q - a blessed +1 scimitar Armor ('[') y - an uncursed +0 dwarvish iron helm (being worn) J - an uncursed +0 cloak of invisibility b - an uncursed +1 cloak of magic resistance (being worn) n - an uncursed +4 leather armor (being worn) Comestibles ('%') F - an uncursed pierogi Q - an uncursed apple p - an uncursed food ration O - an uncursed egg Scrolls ('?') P - an uncursed scroll of amnesia N - an uncursed scroll of blank paper k - an uncursed scroll of create monster L - a blessed scroll of enchant armor R - a cursed scroll of enchant weapon T - an uncursed scroll of food detection Y - an uncursed scroll of identify Z - a cursed scroll of identify j - an uncursed scroll of light u - a blessed scroll of remove curse Spellbooks ('+') A - an uncursed spellbook of wizard lock Potions ('!') g - a blessed potion of confusion h - an uncursed potion of monster detection Rings ('=') d - an uncursed +1 ring of gain constitution C - a cursed -2 ring of gain constitution e - an uncursed ring of shock resistance Wands ('/') c - an uncursed wand of fire (0:6) D - an uncursed wand of striking (0:3) Tools ('(') M - an uncursed leash (attached to Zofia) S - an uncursed lock pick x - an uncursed oil lamp Gems/Stones ('*') H - an uncursed worthless piece of orange glass G - 2 uncursed worthless pieces of white glass Colobot the Wizard's attributes: Background: You were a Thaumaturge, a level 6 male human Wizard. You were neutral, nominally on a mission for Thoth who was opposed by Ptah (lawful) and Anhur (chaotic). You were in the Dungeons of Doom, on level 6. You entered the dungeon 2943 turns ago. You had 540 experience points, 100 more were needed to attain level 7. Basics: You had 0 out of 44 hit points. You had 32 out of 66 energy points (spell power). Your armor class was 0. Your wallet contained 257 zorkmids. Autopickup was on for '$%?!"=/*', with exceptions. Final Characteristics: Your strength was 9 (peak:11, limit:18/100). Your dexterity was 14 (limit:18). Your constitution was 13 (limit:18). Your intelligence was 15 (limit:18). Your wisdom was 11 (limit:18). Your charisma was 11 (limit:18). Final Status: You were deaf. You were not hungry. You were unencumbered. You were wielding a quarterstaff. You had basic skill with quarterstaff. Final Attributes: You were piously aligned. You were magic-protected. You were warded. You are dead. Miscellaneous: You disabled loading of bones levels. Total elapsed playing time was 2 hours, 19 minutes and 38 seconds. Vanquished creatures: a ghost 3 small mimics a leprechaun a lizard 3 Woodland-elves a rock mole a fog cloud 2 giant ants 2 floating eyes 2 dwarves 2 kobold shamans 3 rothes 2 orc zombies an iguana an acid blob a hobbit a large kobold a hobgoblin a giant rat a brown mold 2 green molds 2 geckos a fox a kobold a goblin 5 sewer rats 5 grid bugs 4 lichens 4 newts 56 creatures vanquished. No species were genocided or became extinct. Voluntary challenges: You were an atheist. You read items or engraved 7 times. You engraved Elbereth 2 times. You never genocided any monsters. You never polymorphed an object. You never changed form. You used no wishes. Achievements: You entered a shop. You attained the rank of Conjurer. You attained the rank of Thaumaturge. The Dungeons of Doom: levels 1 to 7 Level 1: Level 2: Level 3: A general store, a fountain. Level 4: A scroll shop, some fountains, a sink. Level 5: A fountain. Level 6: <- You were here. Final resting place for you, killed by a rothe, while unconscious from rotten food. Level 7: Game over: ---------- / \ / REST \ / IN \ / PEACE \ / \ | Colobot | | 257 Au | | killed by a | | rothe | | | | | | 2022 | *| * * * | * _________)/\\_//(\/(/\)/\//\/|_)_______ Goodbye Colobot the Wizard... You died in The Dungeons of Doom on dungeon level 6 with 2936 points, and 257 pieces of gold, after 2943 moves. You were level 6 with a maximum of 44 hit points when you died.